 Dungeon Crawl Stone Soup version 0.29-a0-338-g1ff7896281 (webtiles) character file.

Game seed: 6189654080744447598

110873 Zeldest the Fencer (level 14, -2/84 (94) HPs)
             Began as a Tengu Monk on Mar 12, 2022.
             Was the Champion of Ru.
             Shot with an arrow by a satyr (41 damage)
             ... on level 4 of the Shoals on Apr 18, 2022.
             The game lasted 01:29:16 (29597 turns).

Zeldest the Fencer (Tengu Monk)                    Turns: 29597, Time: 01:29:16

HP:   -2/84 (94)    AC: 20    Str: 15    XL:     14   Next: 56%
MP:   7/15          EV: 17    Int: 11    God:    Ru [******]
Gold: 1236          SH:  5    Dex: 21    Spells: 10/13 levels left

rFire   + + .      SeeInvis .   w - +3 scimitar (vamp)
rCold   . . .      Faith    .   (no shield)
rNeg    . . .      Spirit   .   Z - +1 chain mail {Will+}
rPois   .          Reflect  +   (helmet restricted)
rElec   .          Harm     .   n - +0 cloak {rF+}
rCorr   +          Rampage  .   h - +2 pair of gloves {Str+3}
Will    ++...                   (boots unavailable)
Stlth   ..........              G - amulet of reflection
HPRegen 0.24/turn               T - ring of Joy {rF+ rCorr Slay+3}
MPRegen 0.14/turn               c - ring of willpower

@: exhausted, flying quickly and evasively, heavily drained, quick
A: beak, talons 3, hated by all, weak-willed 1, inexperienced 1, nimble flight,
iridescent scales 1
a: Renounce Religion, Draw Out Power, Power Leap, Apocalypse


You were on level 4 of the Shoals.
You worshipped Ru.
Ru was exalted by your worship.
You visited 5 branches of the dungeon, and saw 28 of its levels.
You also visited: Bailey and Volcano.

You collected 2433 gold pieces.
You spent 1197 gold pieces at shops.

Inventory:

Hand Weapons
 a - a +9 antimagic triple sword
 b - a +2 scimitar of flaming
 w - a +3 vampiric scimitar (weapon)
Missiles
 v - 7 throwing nets (quivered)
Armour
 h - a +2 pair of gloves of strength (worn)
 n - a +0 cloak of fire resistance (worn)
 F - a +2 tower shield
 J - +0 gold dragon scales
 Z - a +1 chain mail of willpower (worn)
Jewellery
 c - a ring of willpower (right hand)
 o - a ring of wizardry
 r - a ring of magical power
 G - an amulet of reflection (around neck)
 N - a +6 ring of strength
 P - a ring of resist corrosion
 T - the ring of Joy (left hand) {rF+ rCorr Slay+3}
   (You acquired it on level 11 of the Dungeon)

   [ring of protection from fire]

   Slay:      It affects your accuracy & damage with ranged weapons and melee
   (+3).
   rF:        It protects you from fire.
   rCorr:     It protects you from acid and corrosion.
Wands
 g - a wand of flame (16)
 k - a wand of polymorph (6)
 z - a wand of acid (9)
 E - a wand of digging (8)
 Q - a wand of iceblast (5)
 R - a wand of paralysis (10)
Scrolls
 m - a scroll of magic mapping
 p - 8 scrolls of teleportation
 t - 5 scrolls of enchant armour
 x - 8 scrolls of amnesia
 y - 4 scrolls of blinking
 B - 4 scrolls of fear
 I - a scroll of silence
 L - 3 scrolls of identify
 O - 2 scrolls of immolation
 S - 2 scrolls of torment
 W - 2 scrolls of fog
Potions
 d - a potion of resistance
 e - 4 potions of cancellation
 f - a potion of mutation
 i - 11 potions of curing
 j - 2 potions of attraction
 q - 6 potions of brilliance
 s - 2 potions of lignification
 A - 2 potions of berserk rage
 C - 2 potions of magic
 H - 6 potions of heal wounds
 K - a potion of haste
 M - 2 potions of might
 U - 2 potions of ambrosia
Miscellaneous
 V - a lightning rod (4/4)


   Skills:
 + Level 13.3 Fighting
 * Level 19.8 Long Blades
 + Level 12.3 Armour
 + Level 14.5 Dodging
 - Level 2.0 Stealth
 - Level 7.9 Air Magic
 + Level 6.7 Evocations


You had 10 spell levels left.
You knew the following spells:

 Your Spells              Type           Power      Damage    Failure   Level
a - Swiftness             Air            17%        N/A       38%         3

Your spell library contained the following spells:

 Spells                   Type           Power      Damage    Failure   Level
 Apportation              Tloc           0%         N/A       98%         1
 Beastly Appendage        Tmut           0%         N/A       98%         1
 Sandblast                Erth           0%         2d4       98%         1
 Ensorcelled Hibernation  Hex/Ice        0%         N/A       99%         2
 Passwall                 Tmut/Erth      0%         N/A       99%         2
 Wereblood                Tmut           0%         N/A       99%         2
 Dazzling Flash           Conj/Hex       0%         N/A       100%        3
 Ozocubu's Armour         Ice            0%         N/A       100%        3
 Portal Projectile        Hex/Tloc       0%         N/A       100%        3
 Spider Form              Tmut/Pois      0%         N/A       100%        3
 Stone Arrow              Conj/Erth      0%         3d7       100%        3
 Cause Fear               Hex            0%         N/A       100%        4
 Hailstorm                Conj/Ice       0%         3d3       100%        4
 Ice Form                 Ice/Tmut       0%         N/A       100%        4
 Leda's Liquefaction      Hex/Erth       0%         N/A       100%        4
 Agony                    Necr           0%         N/A       100%        5
 Blade Hands              Tmut           0%         N/A       100%        5
 Freezing Cloud           Conj/Ice/Air   2%         6-21      100%        5
 Silence                  Hex/Air        4%         N/A       100%        5
 Iron Shot                Conj/Erth      0%         9d1       100%        6
 Dragon Form              Tmut           0%         N/A       100%        7
 Ozocubu's Refrigeration  Ice            0%         4d5       100%        7
 Polar Vortex             Ice            0%         N/A       100%        9
 Animate Skeleton         Necr           Unusable   N/A       N/A         1
 Summon Small Mammal      Summ           Unusable   N/A       N/A         1
 Call Canine Familiar     Summ           Unusable   N/A       N/A         3
 Animate Armour           Summ/Erth      Unusable   N/A       N/A         4
 Simulacrum               Ice/Necr       Unusable   N/A       N/A         6
 Dragon's Call            Summ           Unusable   N/A       N/A         9

Dungeon Overview and Level Annotations

Branches:
Dungeon (15/15)            Temple (1/1) D:7            Lair (6/6) D:10
 Shoals (4/4) Lair:4       Spider (0/4) Lair:4        Slime (0/5) Lair:5
    Orc (2/2) D:9             Elf (0/3) Orc:2        Vaults (0/5) D:14
 Depths (0/4) D:15         Bailey (visited)         Volcano (visited)

Altars:
Ashenzari
Cheibriados
Dithmenos
Elyvilon
Hepliaklqana
Kikubaaqudgha
Makhleb
Nemelex Xobeh
Okawaru
Ru
Sif Muna
Trog
Uskayaw
Vehumet
Wu Jian
Xom
The Shining One
Jiyva

Shops:
D:2 (   D:4 =   D:5 *   D:9 *   D:10 (   D:12 [   D:14 *   Orc:2 =([*[

Annotations:
Lair:2 exclusion: 2 oklob plants
Lair:5 3 runed translucent doors, Dysowo's ghost, journeyman PaMo
Orc:2 1 runed translucent door, knot's ghost, journeyman DsBe


Innate Abilities, Weirdness & Mutations

You have a beak for a mouth.
You have claws for feet.
You are hated by all.
You are slightly weak-willed. (Will-)
You are somewhat inexperienced. (-2 XL)
Your magical nature lets you fly swiftly and evasively.
You are partially covered in iridescent scales. (AC +2)


Message History

The satyr is stunned by your conviction and fails to attack.
The harpy screeches!
You hear a screech!
The satyr is stunned by your conviction and fails to attack.
The wind drake begins to attack, but is stunned by your conviction!
A harpy comes into view.
The satyr unwields a +0 spear.
The satyr wields a +2 longbow of flaming.
It bursts into flame!
The satyr shoots an arrow.
The arrow closely misses you.
The arrow hits the harpy!!
The arrow burns the harpy.
Activating: Apocalypse
Press: ? - help, Dir - look around, f - activate You reveal the great annihilating truth to your foes!
You kill the harpy!
The satyr doubts its magic when faced with ultimate truth!
You kill the merfolk!
The snapping turtle is paralysed by terrible understanding!
The wind drake slows down under the weight of truth!
You kill the harpy!
You feel drained.
You hear a shout!
You hear a screech!
You hear a shout! x4
You hear a screech!
You hear a shout! x3
Something shouts, "Attack, my pets!
Attack!"
You hear a shout! x2; You hear a bellow! x2; You hear a shout!
You hear an angry hiss.
You hear a shout! x2; You hear a bellow!
You hear a shout! x2; You hear an angry hiss.
You hear a shout! x2
You hear an angry hiss.
You hear a shout! x2
A harpy comes into view. x2
You feel much better.
The harpy screeches!
A harpy comes into view.
The satyr begins to cast a spell, but is stunned by your conviction!
The satyr is stunned by your conviction and fails to attack.
The wind drake flaps its wings at you. The air twists around and strikes you!
The helpless snapping turtle fails to defend itself.
You hit the snapping turtle.
You feel better.
You claw the snapping turtle.
You peck the snapping turtle, but do no damage.
The snapping turtle is almost dead.
The satyr shoots an arrow.
The arrow hits you!!!
You die...

≈≈≈≈≈...≈≈≈≈≈≈≈≈
≈≈≈≈..≈≈≈≈≈≈≈≈≈≈
≈≈≈≈..≈≈≈.≈≈≈≈≈≈≈≈≈≈≈≈≈≈≈
≈≈≈≈...≈≈≈≈≈≈≈≈≈≈≈≈≈≈≈≈≈≈
≈≈≈....≈≈≈≈≈≈≈ ≈≈≈≈≈≈≈≈≈.
≈≈≈.....≈≈≈#####≈≈≈≈≈≈...
≈≈≈.....≈≈##≈≈≈##≈≈≈≈≈≈..
≈≈....H.≈t#..≈≈$#≈≈≈≈≈≈..
≈≈...HH.@c'k.[.≈#≈≈......
≈≈≈.......#.....#.......#
†≈≈≈≈.....##...##..≈..<.#
≈≈≈≈≈......#####.....≈.##
≈≈≈≈≈.............≈≈≈≈...
≈≈≈≈..............≈......
≈≈≈≈.....................
.≈≈≈..................[..
≈≈≈............≈≈≈.....


You could see a satyr (magic disrupted), a snapping turtle (paralysed), a wind
drake (repels missiles, slow) and 3 harpies.

Vanquished Creatures
  Rupert (D:14)
  An orc warlord (Orc:2)
  Louise (D:14)
  A stone giant (D:15)
  Azrael (Orc:2)
  A merfolk javelineer (Shoals:1)
  A merfolk impaler (Shoals:4)
  10 vault guards
  Fannar (D:11)
  Harold (D:11)
  5 boulder beetles
  2 hydras
  2 ogre magi
  3 death knights
  A merfolk avatar (Shoals:1)
  A catoblepas (Lair:6)
  11 two-headed ogres
  2 centaur warriors
  A tengu warrior (D:14)
  A deep troll shaman (Lair:6)
  11 death yaks
  4 orc high priests
  A hell knight (Volcano)
  Nergalle (D:11)
  3 skeletal warriors (D:14)
  3 sea snakes
  A phantasmal warrior (D:14)
  A lindwurm (Lair:6)
  3 deep elf pyromancers
  8 orc knights
  6 harpies
  3 orc sorcerers
  8 manticores
  4 ugly things
  6 cyclopes
  2 merfolk sirens (Shoals:4)
  12 elephants (Lair:6)
  2 water nymphs
  3 black mambas
  4 torpor snails (Lair:4)
  3 unseen horrors
  Maggie (D:8)
  12 cane toads
  5 freezing wraiths
  An efreet (D:13)
  11 komodo dragons
  A kobold demonologist (D:12)
  3 rime drakes (Lair:6)
  5 yaktaurs (D:15)
  A tengu conjurer (D:13)
  4 trolls
  3 wind drakes
  12 merfolk
  3 meliai (D:13)
  5 polar bears
  A queen bee (Orc:2)
  6 dream sheep
  Prince Ribbit (Bailey)
  9 blink frogs
  3 snapping turtles
  A yak (shapeshifter) (D:14)
  5 humans (Bailey)
  5 wyverns
  2 water elementals
  A shadow (D:11)
  3 vampires
  A wraith (D:11)
  4 basilisks
  5 fire bats (Volcano)
  2 fire elementals (Orc:1)
  26 yaks
  6 vampire mosquitoes (D:10)
  A redback simulacrum (D:15)
  3 wargs (D:10)
  Edmund (D:6)
  2 acid dragons
  12 water moccasins
  3 hell hounds
  2 black bears
  A black bear (shapeshifter) (D:14)
  2 ice beasts
  33 orc warriors
  Pargi (D:4)
  3 sky beasts
  13 ogres
  3 boggarts (D:15)
  19 wolves
  2 phantoms
  14 centaurs
  19 bullfrogs
  2 kobold brigands
  2 gnoll sergeants
  2 scorpions
  A howler monkey (D:11)
  5 lava snakes (Volcano)
  3 hounds
  17 orc priests
  A gnoll shaman (D:5)
  2 jellies
  5 iguanas
  23 orc wizards
  5 hell rats (Lair:2)
  23 gnolls
  6 adders
  A shadow imp (D:8)
  A white imp (D:6)
  An ufetubus (D:7)
  A worm (shapeshifter) (D:15)
  2 worms
  4 dart slugs
  84 orcs
  9 ball pythons
  15 endoplasms
  3 giant cockroaches
  7 goblins
  7 hobgoblins
  2 jackals (D:2)
  5 quokkas
  4 bats
  6 frilled lizards
  15 kobolds
  9 rats
692 creatures vanquished.

Vanquished Creatures (others)
  Jorgrun (D:14)
  A two-headed ogre (D:12)
  2 hydras
  A death yak (Lair:5)
  A phantasmal warrior (D:14)
  A harpy (Shoals:1)
  A rime drake (Lair:5)
  A troll (D:12)
  A blink frog (Lair:4)
  An acid dragon (D:10)
  An orc priest (Orc:2)
  2 orcs
  3 fungi
  84 plants
  2 withered plants (Orc:2)
103 creatures vanquished.

Grand Total: 795 creatures vanquished

Notes
Turn   | Place    | Note
-------+----------+-------------------------------------------
     0 | D:1      | Zeldest the Tengu Monk began the quest for the Orb.
     0 | D:1      | Reached XP level 1. HP: 14/14 MP: 2/2
    95 | D:1      | Reached XP level 2. HP: 17/19 MP: 3/3
   165 | D:1      | Found a faded altar of an unknown god.
   895 | D:2      | Reached skill level 4 in Long Blades
   895 | D:2      | Reached XP level 3. HP: 21/23 MP: 4/4
  1391 | D:2      | Found Vafynlog's Antique Weapon Emporium.
  1492 | D:2      | Reached XP level 4. HP: 19/28 MP: 5/5
  1929 | D:3      | Identified the +0 leather armour of Issun {rPois rCorr
                  | Str-2 Int+6}
  2045 | D:3      | Learned a level 3 spell: Swiftness
  2174 | D:2      | Gained mutation: Your magical nature lets you fly swiftly
                  | and evasively. [Tengu growth]
  2174 | D:2      | Reached XP level 5. HP: 10/33 MP: 6/6
  2523 | D:3      | Reached skill level 5 in Long Blades
  2529 | D:3      | Reached skill level 1 in Air Magic
  3439 | D:4      | Found Mikkag's Jewellery Shop.
  3453 | D:4      | Noticed a phantom
  3465 | D:4      | Killed a phantom
  3466 | D:4      | Reached XP level 6. HP: 18/38 MP: 7/7
  3786 | D:4      | Noticed Pargi
  3800 | D:4      | Killed Pargi
  3801 | D:4      | Reached skill level 6 in Long Blades
  3801 | D:4      | Reached XP level 7. HP: 28/44 MP: 8/8
  4205 | D:4      | Reached skill level 5 in Dodging
  4285 | D:5      | Entered Level 5 of the Dungeon
  4990 | D:5      | Reached skill level 7 in Long Blades
  5177 | D:5      | Reached skill level 5 in Fighting
  5177 | D:5      | Reached XP level 8. HP: 34/49 MP: 9/9
  5648 | D:5      | Reached skill level 5 in Air Magic
  5717 | D:5      | Found Tiekliq's Assorted Antiques.
  5785 | D:5      | Reached skill level 8 in Long Blades
  6323 | D:6      | Reached XP level 9. HP: 44/55 MP: 10/10
  6485 | D:6      | Noticed Edmund
  6500 | D:6      | Killed Edmund
  6607 | D:6      | Reached skill level 9 in Long Blades
  6900 | D:7      | Found a flagged portal.
  7259 | Bailey   | Entered a bailey
  7585 | Bailey   | Reached skill level 10 in Long Blades
  7594 | Bailey   | Noticed a vault guard
  7606 | Bailey   | Reached XP level 10. HP: 42/61 MP: 11/11
  7617 | Bailey   | Killed a vault guard
  7642 | Bailey   | Identified 2 scrolls of acquirement
  7642 | Bailey   | Acquired a +2 pair of gloves of strength
  7654 | Bailey   | Acquired a +3 antimagic triple sword
  7816 | Bailey   | Noticed Prince Ribbit
  7816 | Bailey   | Noticed a vault guard
  7826 | Bailey   | Killed Prince Ribbit
  7848 | Bailey   | Killed a vault guard
  7849 | Bailey   | Reached skill level 11 in Long Blades
  7849 | Bailey   | Reached skill level 1 in Armour
  7888 | Bailey   | Gained mutation: You tend to lose your temper in combat.
                  | [potion of mutation]
  7888 | Bailey   | Gained mutation: You are somewhat resistant to further
                  | mutation. [potion of mutation]
  7889 | Bailey   | Lost mutation: You are somewhat resistant to further
                  | mutation. [potion of mutation]
  7889 | Bailey   | Lost mutation: You tend to lose your temper in combat.
                  | [potion of mutation]
  7889 | Bailey   | Gained mutation: You are partially covered in iridescent
                  | scales. (AC +2) [potion of mutation]
  7889 | Bailey   | Gained mutation: You are strong-willed. (Will+) [potion of
                  | mutation]
  8010 | D:7      | Found a staircase to the Ecumenical Temple.
  8024 | Temple   | Entered the Ecumenical Temple
  8045 | Temple   | Became a worshipper of Ru the Awakened
  8046 | Temple   | Gained mutation: You are somewhat inexperienced. (-2 XL)
                  | [Ru sacrifice]
  8046 | Temple   | Reached XP level 9. HP: 57/57 MP: 3/3
  8046 | Temple   | Reached XP level 8. HP: 53/53 MP: 3/3
  8046 | Temple   | Reached * piety under Ru
  8046 | Temple   | Reached ** piety under Ru
  9148 | D:8      | Noticed Maggie
  9168 | D:8      | Killed Maggie
  9822 | D:8      | Identified the +5 rapier "Aluoh" {vorpal, rPois}
  9869 | D:9      | Lost mutation: You are strong-willed. (Will+) [Ru
                  | sacrifice]
  9869 | D:9      | Gained mutation: You are slightly weak-willed. (Will-) [Ru
                  | sacrifice]
  9869 | D:9      | Reached *** piety under Ru
  9869 | D:9      | Reached **** piety under Ru
  9869 | D:9      | Reached ***** piety under Ru
  9891 | D:9      | Found a staircase to the Orcish Mines.
 10081 | D:9      | Reached XP level 9. HP: 50/59 MP: 3/10
 10332 | D:9      | Found Rorozoty's Assorted Antiques.
 10337 | D:9      | Bought a potion of heal wounds for 140 gold pieces
 10369 | D:9      | Reached skill level 12 in Long Blades
 10590 | D:10     | Entered Level 10 of the Dungeon
 10740 | D:10     | Noticed an orc knight
 10998 | D:10     | Found a staircase to the Lair.
 11345 | D:10     | Killed an orc knight
 11568 | D:10     | Gained mutation: You are hated by all. [Ru sacrifice]
 11568 | D:10     | Reached ****** piety under Ru
 11582 | D:10     | Found an ancient bone altar of Kikubaaqudgha.
 11631 | D:10     | Found Astuol's Antique Weapon Shop.
 11890 | Lair:1   | Entered Level 1 of the Lair of Beasts
 12038 | Lair:1   | You are sucked into a shaft and drop 1 floor!
 12118 | Lair:2   | Noticed a boulder beetle
 12149 | Lair:2   | Killed a boulder beetle
 12150 | Lair:2   | Reached skill level 5 in Armour
 12279 | Lair:2   | Noticed an oklob plant
 12280 | Lair:2   | Noticed an oklob plant
 12321 | Lair:2   | Reached skill level 13 in Long Blades
 13613 | Orc:1    | Entered Level 1 of the Orcish Mines
 13613 | Orc:1    | Noticed an orc sorcerer
 13619 | Orc:1    | Killed an orc sorcerer
 13798 | Orc:1    | Noticed an orc knight
 13940 | Lair:2   | Reached skill level 10 in Dodging
 13940 | Lair:2   | Reached XP level 10. HP: 38/66 MP: 3/11
 14808 | Lair:3   | Reached skill level 14 in Long Blades
 15426 | Lair:3   | Noticed a boulder beetle
 15489 | Lair:3   | Killed a boulder beetle
 15622 | Lair:4   | Noticed a six-headed hydra
 15622 | Lair:4   | Found a staircase to the Shoals.
 15654 | Lair:3   | Killed a six-headed hydra
 16311 | Lair:4   | Reached skill level 10 in Fighting
 16414 | Lair:4   | Reached skill level 15 in Long Blades
 16424 | Lair:4   | Found a hole to the Spider Nest.
 16618 | Lair:4   | Found a snail-covered altar of Cheibriados.
 16651 | Lair:4   | Reached XP level 11. HP: 72/72 MP: 4/12
 17080 | Lair:5   | Noticed a minotaur
 17081 | Lair:5   | Noticed Dysowo's ghost (journeyman PaMo)
 17113 | Lair:5   | Found a runed translucent gate.
 17113 | Lair:5   | Found a runed translucent gate.
 17113 | Lair:5   | Found a runed translucent gate.
 17185 | Lair:5   | Found a staircase to the Slime Pits.
 17400 | Lair:5   | Found a dark tunnel.
 17422 | Volcano  | Entered a volcano
 17524 | Volcano  | Reached skill level 16 in Long Blades
 17570 | Volcano  | Found a bloodstained altar of Trog.
 17626 | Volcano  | Found a radiant altar of Vehumet.
 18239 | Lair:6   | Entered Level 6 of the Lair of Beasts
 18689 | Lair:6   | Reached XP level 12. HP: 80/80 MP: 13/13
 19002 | Lair:6   | Reached skill level 17 in Long Blades
 19105 | Lair:6   | Reached skill level 10 in Armour
 19150 | Lair:6   | Reached skill level 1 in Evocations
 19498 | D:11     | Noticed Fannar
 19518 | D:11     | Killed Fannar
 19667 | D:11     | Acquired the ring of Joy {rF+ rCorr Slay+3}
 19777 | D:11     | Noticed Nergalle
 19783 | D:11     | Killed Nergalle
 20629 | D:11     | Noticed Harold
 20639 | D:11     | Killed Harold
 21559 | D:12     | Found Yvaebach's Antique Armour Shoppe.
 22182 | D:13     | Reached skill level 18 in Long Blades
 22256 | D:13     | Reached XP level 13. HP: 40/86 MP: 4/14
 23032 | D:14     | Found a white marble altar of Elyvilon.
 23108 | D:14     | Noticed Louise
 23117 | D:14     | Killed Louise
 23162 | D:14     | Noticed Jorgrun
 23180 | D:14     | Killed Jorgrun
 23523 | D:14     | Found a gate to the Vaults.
 23621 | D:14     | Noticed Rupert
 23628 | D:14     | Found Koewn's Assorted Antiques.
 23716 | D:14     | Killed Rupert
 24295 | D:14     | Bought a scroll of enchant weapon for 292 gold pieces
 24295 | D:14     | Bought a scroll of enchant weapon for 292 gold pieces
 24295 | D:14     | Bought a scroll of magic mapping for 136 gold pieces
 24388 | D:15     | Entered Level 15 of the Dungeon
 24427 | D:15     | Reached skill level 5 in Evocations
 24956 | D:15     | Found a staircase to the Depths.
 25383 | D:15     | Reached skill level 19 in Long Blades
 26050 | D:15     | Upgraded the game from 0.29-a0-275-g389c0b56f3 to
                  | 0.29-a0-284-gf9362112df
 26202 | Orc:2    | Entered Level 2 of the Orcish Mines
 26202 | Orc:2    | Found Tosuat's Jewellery Shoppe.
 27031 | Orc:1    | Reached XP level 14. HP: 91/92 MP: 15/15
 27048 | Orc:2    | Noticed Azrael
 27056 | Orc:2    | Killed Azrael
 27240 | Orc:2    | Found a staircase to the Elven Halls.
 27292 | Orc:2    | Found a runed translucent door.
 27293 | Orc:2    | Noticed knot's ghost (journeyman DsBe)
 28114 | Orc:2    | Found Umonky's Antique Armour Shoppe.
 28114 | Orc:2    | Found Cuen's Antique Weapon Shop.
 28116 | Orc:2    | Found Nyhoa's General Store.
 28116 | Orc:2    | Found Inoel's Antique Armour Shoppe.
 28130 | Orc:2    | Bought a pair of embroidered gloves for 232 gold pieces
 28152 | Orc:2    | Bought a scroll of enchant weapon for 105 gold pieces
 28317 | Orc:2    | Upgraded the game from 0.29-a0-284-gf9362112df to
                  | 0.29-a0-338-g1ff7896281
 28431 | Shoals:1 | Entered Level 1 of the Shoals
 28895 | Shoals:1 | Identified the +1 scale mail of Zishouc {rPois}
 29215 | Shoals:4 | Entered Level 4 of the Shoals
 29504 | Shoals:4 | Identified the +4 shortbow of the Viper {vorpal, MP-9 Int+7
                  | SInv}
 29597 | Shoals:4 | Shot with an arrow by a satyr

Illustrated notes

Levels and vault maps discovered:
D:1:      lightli_arrival_statue_moat, layout_loops_cross,
          ebering_ecumenical_altar_hall, serial_park_tiny_1
D:2:      layout_basic, serial_shops, shop, minmay_pentomino_z4
D:3:      minmay_general_purpose_star, layout_basic, minmay_misc_feat_cross
D:4:      layout_basic, serial_shops, nicolae_shop_crystal, uniq_pargi
D:5:      layout_gridville, serial_shops, kennysheep_mini_moat
D:6:      layout_rooms, minmay_a_box_with_orc_wizards_in_it, uniq_edmund
D:7:      layout_basic, minmay_temple_entry_junction_2, enter_bailey_2
D:8:      layout_gridville, uniq_maggie
D:9:      layout_roguey, orc_0_dummy, serial_shops, kennysheep_little_box
D:10:     layout_basic, lemuel_coloured_pillars_altar,
          erik_lair_orcish_takeover, serial_shops, shop
D:11:     layout_layer_cave, minmay_holes, columned_hall_lemuel, uniq_fannar,
          uniq_nergalle, uniq_harold
D:12:     layout_basic, serial_shops, nicolae_shop_stone
D:13:     layout_basic
D:14:     layout_basic, erik_vaults_2, serial_shops, nicolae_shop_waterfront,
          elyvilon_altar_4, uniq_rupert, uniq_jorgrun, uniq_louise
D:15:     grunt_enter_depths_giant_problem, layout_gridville, st_stairs_2
Temple:   grunt_wide_crystal_templ
Lair:1:   layout_regular_city
Lair:2:   minmay_lair_oklob_chamber, layout_long_grid, st_stairs_3,
          minmay_shattered_shrine
Lair:3:   hellmonk_destroyed_diamonds, layout_regular_city, beast_lair_carwin_5,
          lemuel_fruit_fields
Lair:4:   layout_cave_pods, minmay_shoals_entry_beasts,
          spider_nest_entry_web_field, kennysheep_snail_temple
Lair:5:   layout_big_grid, slime_altar_1, maelrawn_ghost_gauntlet_escape,
          nicolae_volcano_entry_lava_flow, serial_bayou_shore_b
Lair:6:   grunt_lair_end_beastmaster, layout_cave_shapes
Shoals:1: layout_shoals, serial_shops, nicolae_shop_trees,
          nicolae_shoals_land_atoll, nicolae_shoals_shepherds
Shoals:2: layout_shoals
Shoals:3: layout_shoals, nicolae_shoals_lost_giant_temple
Shoals:4: shoals_end_simple, layout_shoals, nicolae_shoals_beach_cooler,
          uniq_polyphemus
Orc:1:    layout_caves, abandoned_shop, nicolae_orc_damp_corner
Orc:2:    grunt_orc_tribal_feast, layout_caves, serial_shops, shop,
          gammafunk_ghost_grave, uniq_azrael

Skill      XL: |  1  2  3  4  5  6  7  8  9 10 11 12 13 14 |
---------------+-------------------------------------------+-----
Long Blades    | 4 5 6 7 8 13 15 16 18 19 | 19.8
Dodging        | 4 5 6 10 11 12 13 14 | 14.5
Air Magic      | 2 4 5 7 |  7.9
Fighting       | 4 5 8 9 10 11 12 13 | 13.3
Armour         | 3 5 7 9 10 11 12 | 12.3
Evocations     | 3 5 6 |  6.7
Stealth        | |  2.0

Action                   |  1- 3 |  4- 6 |  7- 9 | 10-12 | 13-15 || total
-------------------------+-------+-------+-------+-------+-------++-------
Melee: Falchion          |    74 |   138 |   317 |    11 |       ||   540
       Peck              |    10 |    17 |   116 |   217 |   169 ||   529
       Kick              |    18 |    36 |   192 |   337 |   253 ||   836
       Punch             |       |       |     5 |    16 |     5 ||    26
       Triple sword      |       |       |   265 |   347 |   184 ||   796
       Rapier            |       |       |     1 |    35 |       ||    36
       Scimitar          |       |       |       |   434 |   459 ||   893
Throw: Dart              |       |       |     4 |       |       ||     4
       Throwing net      |       |       |       |       |     1 ||     1
Invok: Sacrifice Essence |       |       |     1 |       |       ||     1
       Sacrifice Experie |       |       |     1 |       |       ||     1
       Draw Out Power    |       |       |     3 |     4 |     4 ||    11
       Sacrifice Love    |       |       |     1 |       |       ||     1
       Apocalypse        |       |       |       |     1 |     6 ||     7
Evoke: Wand              |       |     5 |    15 |     2 |    12 ||    34
       Lightning rod     |       |       |       |       |     4 ||     4
  Use: Scroll            |       |     6 |    17 |    15 |     4 ||    42
       Potion            |       |       |    11 |     6 |     4 ||    21
 Stab: Sleeping          |     4 |       |     3 |     7 |       ||    14
       Paralysed         |       |       |     3 |     5 |    27 ||    35
       Invisible         |       |       |     1 |     2 |     5 ||     8
       Distracted        |       |       |       |     5 |       ||     5
       Held in net/web   |       |       |       |       |     1 ||     1
Armor: Robe              |    13 |       |       |       |       ||    13
       Scale mail        |     4 |    57 |   131 |     2 |       ||   194
       Acid dragon scale |       |       |    50 |   120 |       ||   170
       Gold dragon scale |       |       |       |    54 |    58 ||   112
       Chain mail        |       |       |       |       |   113 ||   113
Dodge: Dodged            |    47 |    83 |   528 |   542 |   316 ||  1516
Block: Other             |       |       |    15 |   126 |   107 ||   248
       Reflection        |       |       |       |     4 |     6 ||    10

Table legend: (Time is in decaauts)
 A = Elapsed time spent in this place.
 B = Non-inter-level travel time spent in this place.
 C = Inter-level travel time spent in this place.
 D = Time resting spent in this place.
 E = Time spent auto-exploring this place.
 F = Levels seen in this place.
 G = Mean time per level.
                   A        B        C        D        E       F      G
               +--------+--------+--------+--------+--------+-----+--------+
         Total |  27786 |  26184 |   1602 |   8677 |  11010 |  30 |  926.2 |
       Dungeon |  17261 |  16032 |   1229 |   5800 |   7133 |  15 | 1150.7 |
        Temple |     32 |     22 |     10 |      0 |      9 |   1 |   32.0 |
          Lair |   6702 |   6372 |    330 |   1722 |   3055 |   6 | 1117.0 |
        Shoals |    685 |    685 |      0 |    177 |      0 |   4 |  171.2 |
  Orcish Mines |   2154 |   2122 |     32 |    620 |    784 |   2 | 1077.0 |
        Bailey |    682 |    682 |      0 |    356 |     16 |   1 |  682.0 |
       Volcano |    266 |    266 |      0 |      0 |     11 |   1 |  266.0 |
               +--------+--------+--------+--------+--------+-----+--------+

Top non-repeatable levels by time:
  Lair:2: 1649 daAuts
    D:14: 1609 daAuts
  Lair:4: 1584 daAuts
     D:5: 1497 daAuts
    D:11: 1484 daAuts
    D:15: 1475 daAuts
     D:2: 1357 daAuts
     D:3: 1212 daAuts
   Orc:2: 1174 daAuts
     D:7: 1120 daAuts
     D:9: 1082 daAuts
  Lair:3: 1054 daAuts
    D:10: 1053 daAuts
     D:4: 1046 daAuts
   Orc:1: 980 daAuts
